 Dungeon Crawl Stone Soup version 0.28.0-45-g0d030f2227 (webtiles) character file.

Game seed: 6104672806020785900

432 protoss039 the Covered (level 7, -4/44 HPs)
             Began as a Gargoyle Fighter on Apr 10, 2022.
             Was an Initiate of Okawaru.
             Slain by an ogre
             ... wielding a +0 giant club
              (12 damage)
             ... on level 4 of the Dungeon.
             The game lasted 00:04:50 (4361 turns).

protoss039 the Covered (Gargoyle Fighter)           Turns: 4361, Time: 00:04:51

Health: -4/44      AC: 13    Str: 21    XL:     7   Next: 0%
Magic:  7/7        EV:  9    Int:  9    God:    Okawaru [......]
Gold:   72         SH:  4    Dex:  9    Spells: 6/6 levels left

rFire   . . .      SeeInvis .   k - +2 rapier (drain)
rCold   . . .      Faith    .   c - +0 buckler
rNeg    + . .      Spirit   .   b - +0 scale mail
rPois   ∞          Reflect  .   (no helmet)
rElec   +          Harm     .   s - +0 cloak
rCorr   .          Rampage  .   (no gloves)
Will    .....                   (no boots)
Stlth   ..........              (no amulet)
HPRegen 0.14/turn               (no ring)
MPRegen 0.10/turn               (no ring)

@: no status effects
A: sickness immunity, AC +4, negative energy resistance 1, electricity
resistance, torment resistance 1, petrification resistance
a: Renounce Religion


You were on level 4 of the Dungeon.
You worshipped Okawaru.
Okawaru was noncommittal.
You visited 2 branches of the dungeon, and saw 5 of its levels.

You collected 72 gold pieces.

Inventory:

Hand Weapons
 k - a +2 rapier of draining (weapon)
 q - a +1 dagger of venom
Missiles
 t - a throwing net (quivered)
Armour
 b - a +0 scale mail (worn)
 c - a +0 buckler (worn)
 s - a +0 cloak (worn)
Jewellery
 a - a +6 ring of strength
 e - a ring of protection from fire
Wands
 d - a wand of flame (21)
Scrolls
 g - 3 scrolls of identify {unknown}
 h - a scroll of holy word {unknown}
 j - 2 scrolls of enchant weapon {unknown}
 m - a scroll of immolation {unknown}
 r - a scroll of vulnerability {unknown}
Potions
 f - a potion of haste {unknown}
 i - a potion of heal wounds {unknown}
 l - a potion of attraction {unknown}
 n - a potion of degeneration {unknown}
 o - a potion of might
 p - a potion of invisibility {unknown}
 u - a potion of resistance {unknown}


   Skills:
 + Level 5.0 Fighting
 + Level 3.9 Maces & Flails
 + Level 5.0 Armour
 + Level 5.0 Shields


You had 6 spell levels left.
You didn't know any spells.
Your spell library contained the following spells:

 Spells                   Type           Power      Damage    Failure   Level
 Conjure Flame            Conj/Fire      0%         6-21      99%         3
 Ignite Poison            Fire/Tmut/Pois 0%         N/A       99%         3
 Sticky Flame             Conj/Fire      0%         2d3       100%        4


Dungeon Overview and Level Annotations

Branches:
Dungeon (4/15)             Temple (1/1) D:4

Altars:
Ashenzari
Cheibriados
Dithmenos
Elyvilon
Gozag
Hepliaklqana
Makhleb
Nemelex Xobeh
Okawaru
Qazlal
Ru
Trog
Vehumet
Wu Jian
Yredelemnul
Zin
The Shining One


Innate Abilities, Weirdness & Mutations

You are immune to sickness and miasma.
Your stone body is resilient. (AC +4)
You are immune to poison.
You resist negative energy. (rN+)
You are resistant to electric shocks. (rElec)
You are resistant to unholy torment.
You are immune to petrification.


Message History

You have reached level 7!
You see here a +0 club.
Unknown command.
An ogre comes into view. It is wielding a +0 giant club.
The ogre shouts!
Unknown command.
Found a scroll labelled BORAQE DA TEMAXIUJ.
You see here 2 poisoned darts.
Unknown command.
The ogre hits you with a +0 giant club!!
Ouch! That really hurt!
You hit the ogre. You drain the ogre.
The ogre is moderately wounded.
The ogre barely misses you.
You puncture the ogre! You drain the ogre.
The ogre is severely wounded.
You hit the ogre. You drain the ogre.
The ogre is almost dead.
The ogre closely misses you.
You barely miss the ogre.
The ogre is almost dead.
The ogre hits you with a +0 giant club!
* * * LOW HITPOINT WARNING * * *
Unknown command.
You barely miss the ogre.
The ogre is almost dead.
The ogre misses you.
A quokka comes into view.
Unknown command.
Unknown command.
You hit the ogre but do no damage. You drain the ogre.
The ogre is almost dead.
You block the ogre's attack.
Unknown command.
Unknown command.
Unknown command.
You barely miss the ogre.
The ogre is almost dead.
The ogre hits you with a +0 giant club!
You die...

###########.# ..........
####### ###......
...$.?# #......
.O....#####......
......#...'...... . #
....#.###......
....#.######............
#......@Or...8.8.8..####
#.##########.(⌠)⌠...####
#.8.>.8......
#..⌠.⌠...####
#..8.8.8..# #.........#
#.......#.# #####.....#
#######


You could see an ogre (drained) and a quokka.

Vanquished Creatures
  A bullfrog (D:3)
  A scorpion (D:4)
  A hound (D:4)
  3 jellies (D:2)
  Crazy Yiuf (D:2)
  Terence (D:2)
  An iguana (D:4)
  3 adders
  An adder skeleton (D:4)
  A worm (D:3)
  3 dart slugs
  An orc (D:4)
  3 bats
  13 endoplasms
  9 goblins
  6 hobgoblins
  13 kobolds
  2 quokkas (D:2)
  7 ball pythons
  4 rats
75 creatures vanquished.

Vanquished Creatures (others)
  4 fungi (D:2)
  9 toadstools (D:2)
13 creatures vanquished.

Grand Total: 88 creatures vanquished

Notes
Turn   | Place    | Note
-------+----------+-------------------------------------------
     0 | D:1      | protoss039 the Gargoyle Fighter began the quest for the
                  | Orb.
     0 | D:1      | Reached XP level 1. HP: 14/14 MP: 1/1
   461 | D:1      | Reached XP level 2. HP: 19/19 MP: 2/2
  1467 | D:2      | Reached XP level 3. HP: 21/23 MP: 3/3
  1537 | D:2      | Noticed Terence
  1559 | D:2      | Killed Terence
  1838 | D:2      | Found a runed translucent door.
  1839 | D:2      | Noticed Crazy Yiuf
  2031 | D:2      | Reached XP level 4. HP: 29/29 MP: 4/4
  2488 | D:2      | Reached XP level 5. HP: 22/33 MP: 5/5
  3121 | D:2      | Killed Crazy Yiuf
  3656 | D:3      | Reached XP level 6. HP: 31/39 MP: 6/6
  4189 | D:4      | Reached skill level 5 in Fighting
  4189 | D:4      | Reached skill level 5 in Armour
  4189 | D:4      | Reached skill level 5 in Shields
  4207 | D:4      | Found a staircase to the Ecumenical Temple.
  4218 | Temple   | Entered the Ecumenical Temple
  4282 | Temple   | Became a worshipper of Warmaster Okawaru
  4344 | D:4      | Reached XP level 7. HP: 44/44 MP: 7/7
  4361 | D:4      | Slain by an ogre

Illustrated notes

Levels and vault maps discovered:
D:1:      giann_wishing_wells, layout_loops_ring, st_stairs_10
D:2:      cheibrodos_fertilizer, layout_loops_corners, minmay_close_crescents,
          uniq_terence, uniq_crazy_yiuf_cottage
D:3:      layout_loops_ring
D:4:      minmay_recursive_quarters, layout_basic, xom_butterflies,
          minmay_temple_entry_statues_fountains, gammafunk_ghost_smash,
          portal_sewer_entry_b, uniq_natasha
Temple:   mainiacjoe_temple_starburst

Skill      XL: |  1  2  3  4  5  6 |
---------------+-------------------+-----
Fighting       | 4 5 |  5.0
Armour         | 4 5 |  5.0
Shields        | 4 5 |  5.0
Maces & Flails | 3 |  3.9

Action                   |  1- 3 |  4- 6 |  7- 9 || total
-------------------------+-------+-------+-------++-------
Melee: Flail             |    93 |       |       ||    93
       Rapier            |     6 |   139 |     7 ||   152
       Dagger            |       |     4 |       ||     4
  Use: Potion            |     1 |       |       ||     1
Armor: Scale mail        |    51 |    70 |       ||   121
Dodge: Dodged            |    50 |    56 |     3 ||   109
Block: Buckler           |    21 |    29 |     1 ||    51
